 Dungeon Crawl Stone Soup version 0.27-a0-819-g058290f16d (webtiles) character file.

Game seed: 3836785307704982409

147 tilp the Skirmisher (level 4, -12/40 HPs)
             Began as a Demigod Brigand on Mar 29, 2021.
             Mangled by Eustachio
             ... wielding a +5 falchion of electrocution
              (16 damage)
             ... on level 4 of the Dungeon.
             The game lasted 00:05:52 (2685 turns).

tilp the Skirmisher (Demigod Brigand)               Turns: 2685, Time: 00:05:53

Health: -12/40     AC:  4    Str: 12    XL:     4   Next: 81%
Magic:  6/6        EV: 12    Int: 17    God:
Gold:   134        SH:  0    Dex: 15    Spells: 3/3 levels left

rFire    . . .     SeeInvis .   b - +3 hunting sling
rCold    . . .     Faith    .   (no shield)
rNeg     . . .     Spirit   .   r - +0 robe
rPois    .         Reflect  .   (no helmet)
rElec    .         Harm     .   c - +0 cloak
rCorr    .         Rampage  .   (no gloves)
Will     .....                  i - +0 pair of boots
Stlth    +++.......             s - amulet of the acrobat
HPRegen  0.13/turn              (no ring)
MPRegen  0.10/turn              (no ring)

@: no status effects
A: high mp 1, forlorn
a: no special abilities


You were on level 4 of the Dungeon.
You visited 1 branch of the dungeon, and saw 4 of its levels.

You collected 134 gold pieces.

Inventory:

Hand Weapons
 a - a +2 dagger
 b - a +3 hunting sling (weapon)
Missiles
 d - 5 poisoned darts
 q - 17 sling bullets (quivered ammo)
 y - 21 stones
Armour
 c - a +0 cloak (worn)
 i - a +0 pair of boots (worn)
 r - a +0 robe (worn)
Jewellery
 s - an amulet of the acrobat (around neck)
Scrolls
 g - a scroll of enchant weapon {unknown}
 h - a scroll of fog {unknown}
 k - a scroll of blinking {unknown}
 m - a scroll of vulnerability {unknown}
 n - a scroll of noise {unknown}
 o - a scroll of torment {unknown}
 p - a scroll of enchant armour {unknown}
 t - a scroll of silence {unknown}
 u - a scroll of immolation {unknown}
 v - a scroll of teleportation {unknown}
 x - a scroll of amnesia {unknown}
Potions
 f - a potion of heal wounds
 j - a potion of flight
 l - a potion of attraction
 w - a potion of degeneration {unknown}


   Skills:
 + Level 4.1 Fighting
 - Level 1.7 Short Blades
 - Level 1.7 Throwing
 + Level 2.1 Dodging
 - Level 4.0 Stealth


You had 3 spell levels left.
You didn't know any spells.
Your spell library was empty.

Dungeon Overview and Level Annotations

Branches:
Dungeon (4/15)
 Temple: D:4-7

Annotations:
D:4 Eustachio


Innate Abilities, Weirdness & Mutations

Your attributes grow dramatically as you level up.
You have an increased reservoir of magic. (+10% MP)
You shall have no god before yourself.


Message History

Eustachio is moderately wounded.
Eustachio mumbles some strange words.
Okay, then.
Fire: 17 sling bullets
Press: ? - help, Q - select action, (/) - cycle Shift-Dir - straight line, f/p - Eustachio
Aim: Eustachio, wielding a +5 falchion of electrocution and wearing a +0 leather armour (moderately wounded, 54% to hit)
Okay, then.
Throw: 8 darts (poison)
Press: ? - help, Shift-Dir - straight line, f/p - Eustachio
Aim: Eustachio, wielding a +5 falchion of electrocution and wearing a +0 leather armour (moderately wounded, 50% to hit)
You throw a poisoned dart. The poisoned dart hits Eustachio.
Eustachio is poisoned.
Eustachio is moderately wounded.
Eustachio misses you.
You drop a stone.
Eustachio closely misses you.
Unknown command.
Okay, then.
Unknown command.
Throw: 7 darts (poison)
Press: ? - help, Shift-Dir - straight line, f/p - Eustachio
Aim: Eustachio, wielding a +5 falchion of electrocution and wearing a +0 leather armour (moderately wounded, poisoned, 50% to hit)
You throw a poisoned dart.
The poisoned dart completely misses Eustachio.
The poisoned dart hits the white imp.
The shadow imp barely misses you.
Eustachio hits you with a +5 falchion of electrocution!
You are electrocuted!
* * * LOW HITPOINT WARNING * * *
Throw: 6 darts (poison)
Press: ? - help, Shift-Dir - straight line, f/p - Eustachio
Aim: Eustachio, wielding a +5 falchion of electrocution and wearing a +0 leather armour (moderately wounded, poisoned, 50% to hit)
You throw a poisoned dart.
The poisoned dart closely misses Eustachio.
The poisoned dart barely misses the white imp.
The white imp puffs mist at you.
The shadow imp hits you but does no damage.
Eustachio hits you with a +5 falchion of electrocution.
* * * LOW HITPOINT WARNING * * *
You are electrocuted!
You die...

#...(..
..(..
.(. #(#
#(# #.#
#5#
####@#
#.<5@#
######


You could see Eustachio (poisoned), a white imp (summoned) and a shadow imp
(summoned).

Vanquished Creatures
  Jessica (D:2)
  6 adders
  A dart slug (D:3)
  2 ball pythons (D:2)
  13 endoplasms
  5 giant cockroaches
  2 hobgoblins
  4 jackals (D:2)
  2 quokkas (D:1)
  2 bats
  A frilled lizard (D:1)
  8 goblins
  8 kobolds
  5 rats
60 creatures vanquished.

Notes
Turn   | Place    | Note
-------+----------+-------------------------------------------
     0 | D:1      | tilp the Demigod Brigand began the quest for the Orb.
     0 | D:1      | Reached XP level 1. HP: 17/17 MP: 3/3
   199 | D:1      | Reached XP level 2. HP: 12/25 MP: 4/4
   947 | D:2      | Noticed Jessica
   961 | D:2      | Killed Jessica
   962 | D:2      | Reached XP level 3. HP: 33/33 MP: 5/5
  1398 | D:2      | Reached skill level 1 in Dodging
  1419 | D:2      | Reached XP level 4. HP: 28/40 MP: 6/6
  2662 | D:4      | Noticed Eustachio
  2685 | D:4      | Mangled by Eustachio

Illustrated notes

Levels and vault maps discovered:
D:1:      dpeg_arrival_tiny_a, layout_rooms
D:2:      layout_basic, uniq_jessica
D:3:      layout_rooms, minmay_fractal_squares_5
D:4:      layout_basic, chequers_temple_overflow_minitemple, uniq_eustachio,
          uniq_grinder

Skill      XL: |  1  2  3  4 |
---------------+-------------+-----
Fighting       | 2 3 4 |  4.1
Dodging        | 1 2 |  2.1
Stealth        | 4 |  4.0
Short Blades   | |  1.7
Throwing       | |  1.7

Action                   |  1- 3 |  4- 6 || total
-------------------------+-------+-------++-------
Melee: Dagger            |    73 |    55 ||   128
 Fire: Hunting sling     |    13 |    30 ||    43
Throw: Dart              |    12 |     7 ||    19
  Use: Scroll            |       |     3 ||     3
 Stab: Sleeping          |     5 |     4 ||     9
Armor: Robe              |    11 |    17 ||    28
Dodge: Dodged            |    28 |    28 ||    56

Table legend: (Time is in decaauts)
 A = Elapsed time spent in this place.
 B = Non-inter-level travel time spent in this place.
 C = Inter-level travel time spent in this place.
 D = Time resting spent in this place.
 E = Time spent auto-exploring this place.
 F = Levels seen in this place.
 G = Mean time per level.
                   A        B        C        D        E       F      G
               +--------+--------+--------+--------+--------+-----+--------+
         Total |   2670 |   2573 |     97 |     59 |   2086 |   4 |  667.5 |
       Dungeon |   2670 |   2573 |     97 |     59 |   2086 |   4 |  667.5 |
               +--------+--------+--------+--------+--------+-----+--------+

Top non-repeatable levels by time:
     D:2: 1243 daAuts
     D:1: 703 daAuts
     D:3: 690 daAuts
     D:4: 33 daAuts
